 Dungeon Crawl Stone Soup version 0.31-b1-22-gc680215f68 (webtiles) character file.

Game seed: 6590217208999221026

84 Destinykillz the Digger (level 4, -5/24 HPs)
             Began as a Gargoyle Earth Elementalist on Jan 19, 2024.
             Slain by Sigmund
             ... wielding a +2 scythe of venom
              (9 damage)
             ... on level 2 of the Dungeon.
             The game lasted 00:04:33 (1799 turns).

Destinykillz the Digger (GrEE)                      Turns: 1799, Time: 00:04:33

Health: -5/24      AC:  8    Str: 12    XL:     4   Next: 46%
Magic:  6/7        EV: 12    Int: 20    God:
Gold:   79         SH:  0    Dex: 10    Spells: 6/7 levels left

rFire   . . .        s - +1 club (spect)
rCold   . . .        (no shield)
rNeg    + . .        a - +0 robe
rPois   ∞            (no helmet)
rElec   +            (no cloak)
rCorr   .            p - +1 pair of gloves "Duty" {Harm Int+3}
SInv    .            j - +0 pair of boots
Will    .....        (no amulet)
Stlth   ++           (no ring)
HPRegen 0.24/turn    (no ring)
MPRegen 0.10/turn

%: harm (+30% outgoing, +20% incoming)
@: no status effects
A: sickness immunity, AC +3, negative energy resistance 1, electricity
resistance, torment resistance 1, petrification resistance
a: no special abilities


You were on level 2 of the Dungeon.
You visited 1 branch of the dungeon, and saw 3 of its levels.

You collected 79 gold pieces.

Inventory:

Hand Weapons
 c - a +0 dagger
 s - a +1 spectral club (weapon)
Armour
 a - a +0 robe (worn)
 f - a +2 kite shield
 j - a +0 pair of boots (worn)
 p - the +1 pair of gloves "Duty" (worn) {Harm Int+3}
   (You found it on level 3 of the Dungeon)

   Int+3:     It affects your intelligence (+3).
   Harm:      It increases damage dealt and taken.
Jewellery
 i - a ring of ice
 n - a ring of flight
Scrolls
 g - a scroll of fear {unknown}
 h - a scroll of amnesia {unknown}
 m - a scroll of revelation {unknown}
 o - a scroll of blinking {unknown}
 q - a scroll of teleportation {unknown}
 r - a scroll of identify {unknown}
Potions
 b - a potion of magic
 d - 4 potions of curing {unknown}
 e - a potion of heal wounds {unknown}
 k - 2 potions of resistance {unknown}
 l - a potion of lignification {unknown}
 t - a potion of mutation {unknown}


   Skills:
 + Level 2.0 Dodging
 * Level 3.3 Stealth
 + Level 2.4 Spellcasting
 + Level 1.9 Conjurations
 * Level 4.5 Earth Magic


You had 6 spell levels left.
You knew the following spells:

 Your Spells              Type           Power      Damage    Failure   Level
a - Sandblast             Erth           40%        2d10      2%          1

Your spell library contained the following spells:

 Spells                   Type           Power      Damage    Failure   Level
 Passwall                 Erth           20%        N/A       7%          3
 Stone Arrow              Conj/Erth      30%        3d8       12%         3
 Brom's Barrelling Bould  Conj/Erth      15%        2d4       36%         4
 Petrify                  Alch/Erth      11%        N/A       52%         4
 Vhi's Electric Charge    Tloc/Air       4%         N/A       83%         4
 Arcjolt                  Conj/Air       3%         1d13      96%         5
 Maxwell's Capacitive Co  Air            1%         ∞         100%        8


Dungeon Overview and Level Annotations

Branches:
Dungeon (3/15)

Altars:

Annotations:
D:2 Sigmund


Innate Abilities, Weirdness & Mutations

You are immune to sickness and miasma.
Your stone body is resilient. (AC +3)
You are immune to poison.
You resist negative energy. (rN+)
You are resistant to electric shocks. (rElec)
You are resistant to unholy torment.
You are immune to petrification.


Message History

Confirm with . or Enter, or press ? or * to list all spells.
You can't see any susceptible monsters within range! (Use Z to cast anyway.)
You see here a ribbon worm corpse.
t - a grey potion
Found 7 stones.
You see here 7 stones.
Found a stone staircase leading up.
You see here 7 stones.
You see here a ribbon worm corpse.
Sigmund shouts!
Casting: Sandblast (safe; 2% risk of failure)
Confirm with . or Enter, or press ? or * to list all spells.
Aiming: Sandblast (safe; 2% risk of failure)
Press: ? - help, Shift-Dir - straight line, f - Sigmund
Aim: Sigmund, wielding a +2 scythe of venom and wearing a +0 robe (81% to hit)
The blast of sand hits Sigmund!
Sigmund is heavily wounded.
Casting: Sandblast (safe; 2% risk of failure)
Confirm with . or Enter, or press ? or * to list all spells.
Aiming: Sandblast (safe; 2% risk of failure)
Press: ? - help, Shift-Dir - straight line, f/p - Sigmund
Aim: Sigmund, wielding a +2 scythe of venom and wearing a +0 robe (heavily wounded, 81% to hit)
The blast of sand hits Sigmund!
Sigmund is almost dead.
Sigmund gestures at you while chanting.
You are confused.
Sigmund casts a spell.
Sigmund flickers and vanishes!
Deactivating autopickup; reactivate with Ctrl-A.
You're too confused to move!
Something hits you!
You're too confused to move!
Something hits you.
You are more confused.
You bump into the rock wall.
You bump into the rock wall.
Something hits you.
* * * LOW HITPOINT WARNING * * *
You're too confused to move!
You feel less confused. Something hits you!
You die...

......#.# #...# #..#
........# #...# #..#
..#####.############
###..##
#...............#
#.....#
#)#####...#####.#
#.....# ###.#####.#
#.....# #.#.....#
#.....# #.{.....#
###.... ##@.....#
##.#. ##.....# #.#.
#.....# #.#.
####.....#### #.#.
#...........### #.##
#....###.##...# #.#
#....# #.####.###.#
. #....# #<# #..##.#
. ###### ### ##.##.#


There were no monsters in sight!

Vanquished Creatures
  Jessica (D:2)
  2 adders (D:2)
  2 dart slugs (D:1)
  A ribbon worm (D:2)
  3 bats (D:1)
  2 endoplasms (D:1)
  5 giant cockroaches
  5 goblins
  3 quokkas (D:1)
  3 frilled lizards
  2 kobolds
  5 rats
34 creatures vanquished.

Notes
Turn   | Place    | Note
-------+----------+-------------------------------------------
     0 | D:1      | Destinykillz the Gargoyle Earth Elementalist began the
                  | quest for the Orb.
     0 | D:1      | Reached XP level 1. HP: 10/10 MP: 3/3
   170 | D:1      | Reached XP level 2. HP: 14/15 MP: 3/5
   350 | D:1      | Reached skill level 4 in Earth Magic
   664 | D:1      | Reached XP level 3. HP: 19/19 MP: 3/6
  1129 | D:2      | Noticed Sigmund
  1328 | D:2      | You fall into a shaft and drop 1 floor!
  1353 | D:3      | Identified the +1 pair of gloves "Duty" {Harm Int+3}
  1383 | D:2      | Noticed Jessica
  1386 | D:2      | Killed Jessica
  1387 | D:2      | Reached XP level 4. HP: 24/24 MP: 5/7
  1799 | D:2      | Slain by Sigmund

Illustrated notes

Levels and vault maps discovered:
D:1:      eino_arrival_cavern_b, layout_loops_cross, minmay_shallow_snake_nest
D:2:      layout_basic, uniq_jessica, uniq_sigmund, uniq_natasha
D:3:      layout_loops_corners, grunt_ministairs_12, minivault_27,
          corexii_leaking_fountain, st_stairs_5, minmay_cupped

Skill      XL: |  1  2  3 |
---------------+----------+-----
Earth Magic    | 4 |  4.5
Stealth        | 3 |  3.3
Dodging        | 2 |  2.0
Spellcasting   | |  2.4
Conjurations   | |  1.9

Action                     |  1- 3 |  4- 6 || total
---------------------------+-------+-------++-------
   Cast: Sandblast         |    47 |     4 ||    51
 Armour: Robe              |     9 |     4 ||    13
  Dodge: Dodged            |     8 |     1 ||     9
